 Dungeon Crawl Stone Soup version 0.31.0-11-ge490571c62 (webtiles) character file.

Game seed: 14637424814605483567

681 experimilk the Grappler (level 7, -5/62 HPs)
             Began as a Troll Gladiator on Jan 31, 2024.
             Slain by a gnoll
             ... wielding a +0 halberd
             ... led by a gnoll bouda
              (6 damage)
             ... on level 5 of the Dungeon.
             The game lasted 00:04:58 (4188 turns).

experimilk the Grappler (Troll Gladiator)           Turns: 4188, Time: 00:04:59

Health: -5/62      AC:  5    Str: 25    XL:     7   Next: 34%
Magic:  0/6        EV: 10    Int:  4    God:
Gold:   191        SH:  0    Dex: 11    Spells: 6/6 levels left

rFire   . .          .
                       - Unarmed
rCold   . . .        (no shield)
rNeg    . . .        p - +0 robe
rPois   .            b - +0 hat
rElec   .            l - +0 cloak
rCorr   .            (gloves unavailable)
SInv    .            (boots unavailable)
Will    .....        s - amulet of guardian spirit
Stlth   +            (no ring)
HPRegen 1.10/turn    (no ring)
MPRegen 0.10/turn

%: guardian spirit
@: no status effects
A: large, unfitting armour, claws 3, regeneration 1, shaggy fur 1, tough skin 1
a: no special abilities


You were on level 5 of the Dungeon.
You visited 1 branch of the dungeon, and saw 5 of its levels.

You collected 191 gold pieces.

Inventory:

Missiles
 a - 21 poisoned darts (quivered)
 c - a boomerang
 q - 4 throwing nets
 A - a large rock
Armour
 b - a +0 hat (worn)
 l - a +0 cloak (worn)
 p - a +0 robe (worn)
Jewellery
 s - an amulet of guardian spirit (around neck)
Wands
 m - a wand of mindburst (13)
 u - a wand of flame (18)
 B - a wand of charming (11)
Scrolls
 d - a scroll of enchant weapon {unknown}
 e - a scroll of teleportation
 h - a scroll of fear {unknown}
 i - a scroll of enchant armour {unknown}
 k - a scroll of poison {unknown}
 t - a scroll of blinking {unknown}
 v - a scroll of immolation {unknown}
 w - a scroll of butterflies {unknown}
 y - 3 scrolls of identify
Potions
 f - 2 potions of mutation
 g - 5 potions of curing
 j - a potion of heal wounds {unknown}
 n - a potion of invisibility {unknown}
 o - 2 potions of resistance
 r - 2 potions of brilliance {unknown}
 x - a potion of enlightenment
 z - a potion of berserk rage {unknown}


   Skills:
 - Level 1.5 Fighting
 - Level 1.7 Throwing
 - Level 2.4 Dodging
 * Level 8.7 Unarmed Combat


You had 6 spell levels left.
You didn't know any spells.
Your spell library contained the following spells:

 Spells                   Type           Power      Damage    Failure   Level
 Magic Dart               Conj           0%         1d3       50%         1
 Blink                    Tloc           0%         N/A       65%         2
 Call Imp                 Summ           0%         N/A       65%         2
 Ensorcelled Hibernation  Hex/Ice        0%         N/A       65%         2
 Fugue of the Fallen      Necr           0%         N/A       86%         3
 Tukima's Dance           Hex            0%         N/A       86%         3
 Anguish                  Hex/Necr       0%         N/A       99%         4
 Ignite Poison            Fire/Alch      0%         N/A       99%         4
 Passage of Golubria      Tloc           0%         N/A       99%         4
 Sticky Flame             Fire/Alch      0%         2d4       99%         4
 Yara's Violent Unravell  Hex/Alch       0%         3d3       100%        5
 Ignition                 Fire           0%         3d3       100%        8


Dungeon Overview and Level Annotations

Branches:
Dungeon (5/15)
 Temple: D:4-7

Altars:
Nemelex Xobeh
Yredelemnul


Innate Abilities, Weirdness & Mutations

You are too large for most types of armour.
You have claws for hands.
Your natural rate of healing is unusually fast.
You are covered in fur. (AC +1)
You have tough skin. (AC +1)


Message History

The gnoll misses you.
Unknown command.
You mangle the gnoll!!
You kill the gnoll!
You feel sick.
The gnoll hits you from afar with a +0 spear.
The gnoll hits you from afar with a +0 halberd!
A gnoll comes into view. It is wielding a +0 whip.
Unknown command.
You feel sick. The gnoll hits you with a +0 spear.
The gnoll hits you with a +0 halberd.
Things that are here:
a +0 club; a +2 spear of venom; a gnoll corpse Unknown command.
You barely miss the gnoll.
You feel sick. The gnoll hits you with a +0 spear.
The gnoll hits you with a +0 halberd.
Unknown command.
You closely miss the gnoll.
You feel sick. The gnoll hits you with a +0 spear.
* * * LOW HITPOINT WARNING * * *
Unknown command.
You barely miss the gnoll.
You feel sick.
You are no longer poisoned.
The gnoll hits you with a +0 halberd!
* * * LOW HITPOINT WARNING * * *
The gnoll hits you with a +0 spear.
* * * LOW HITPOINT WARNING * * *
The gnoll hits you from afar with a +0 halberd.
* * * LOW HITPOINT WARNING * * *
The gnoll barely misses you.
There is an open door here.
The gnoll attacks as it pursues you! The gnoll barely misses you.
The gnoll attacks as it pursues you! The gnoll misses you.
The gnoll closely misses you.
You see here 5 stones.
The gnoll attacks as it pursues you! The gnoll barely misses you.
The gnoll attacks as it pursues you!
The gnoll hits you from afar with a +0 halberd.
* * * LOW HITPOINT WARNING * * *
The gnoll hits you from afar with a +0 halberd.
You die...

#....#.......#+
...#####....#.......#.
.)....................
...#####.###.##.#####.
######.....#.##.# #.
#....#.#.#...##.###### ##
#....#.#.#.####.#.....
#.##....#.#.#.#[...#.####
#.ggg.g.@.#.###.#.......#
#.##....###.....#.##....#
#[g #...[#
####.....+....# #.#
#>...# #.##.##....# #.
###### #..........' #.
####.#.....# #
#######...#+#..
#...........###
#...........#..


You could see a gnoll bouda and 3 gnolls.

Vanquished Creatures
  Sigmund (D:3)
  An ogre (D:5)
  A scorpion (D:4)
  A howler monkey (D:4)
  A bombardier beetle (D:5)
  A hound (D:5)
  Ijyb (D:4)
  2 orc wizards (D:4)
  6 adders
  6 gnolls
  A white imp (D:5)
  3 ribbon worms
  7 orcs
  6 ball pythons
  2 bats
  6 endoplasms
  6 goblins
  8 hobgoblins
  7 jackals (D:1)
  7 kobolds
  2 quokkas (D:1)
  3 frilled lizards
  4 rats
83 creatures vanquished.

Notes
Turn   | Place    | Note
-------+----------+-------------------------------------------
     0 | D:1      | experimilk the Troll Gladiator began the quest for the Orb.
     0 | D:1      | Reached XP level 1. HP: 19/19 MP: 0/0
   242 | D:1      | Reached XP level 2. HP: 27/27 MP: 1/1
   599 | D:1      | Reached skill level 4 in Unarmed Combat
   739 | D:1      | Found a faded altar of an unknown god.
   775 | D:1      | Reached XP level 3. HP: 33/33 MP: 2/2
  1173 | D:2      | Found a basalt altar of Yredelemnul.
  1511 | D:2      | Reached skill level 5 in Unarmed Combat
  1511 | D:2      | Reached XP level 4. HP: 41/41 MP: 3/3
  1802 | D:3      | Found a basalt altar of Yredelemnul.
  1928 | D:3      | Noticed Sigmund
  1963 | D:3      | HP: 2/41 [something (7)]
  1964 | D:3      | Killed Sigmund
  1965 | D:3      | Reached skill level 6 in Unarmed Combat
  1965 | D:3      | Reached XP level 5. HP: 4/48 MP: 4/4
  1965 | D:3      | Reached XP level 6. HP: 5/55 MP: 5/5
  2922 | D:4      | Reached skill level 7 in Unarmed Combat
  3016 | D:4      | Found a sparkling altar of Nemelex Xobeh.
  3499 | D:4      | Noticed Ijyb
  3509 | D:4      | Killed Ijyb
  3602 | D:5      | Entered Level 5 of the Dungeon
  3698 | D:5      | Reached skill level 8 in Unarmed Combat
  3719 | D:5      | Reached XP level 7. HP: 62/62 MP: 6/6
  3899 | D:5      | Identified the +0 helmet of Anaesthesia {*Corrode rN+
                  | Int+5}
  4182 | D:5      | HP: 3/62 [gnoll/+0 spear[a gnoll bouda] (2)]
  4183 | D:5      | HP: 1/62 [gnoll/+0 halberd[a gnoll bouda] (4)]
  4188 | D:5      | HP: 1/62 [gnoll/+0 halberd[a gnoll bouda] (5)]
  4188 | D:5      | Slain by a gnoll

Illustrated notes

Levels and vault maps discovered:
D:1:      co_arrival_random_square_maze, layout_loops_corners,
          dreamdust_ecumenical_altar_angels_and_demons,
          chequers_serial_rivers_micro_c, kennysheep_decorative_pillar
D:2:      layout_basic, basic_altar
D:3:      layout_rooms, yredelemnul_altar_generic, grunt_ministairs_6,
          uniq_sigmund
D:4:      layout_loops_corners, lemuel_crystal_altar, serial_glass,
          glass_columns_a, glass_columns_b, glass_columns_b, glass_columns_a,
          glass_columns_b, nicolae_nh_ransacked_shop, uniq_ijyb
D:5:      minmay_general_purpose_star, layout_basic, marbit_many_paths

Skill      XL: |  1  2  3  4  5  6 |
---------------+-------------------+-----
Unarmed Combat | 4 5 6 8 |  8.7
Fighting       | |  1.5
Throwing       | |  1.7
Dodging        | |  2.4

Action                     |  1- 3 |  4- 6 |  7- 9 || total
---------------------------+-------+-------+-------++-------
  Melee: Unarmed           |   100 |   124 |    19 ||   243
         Punch             |     2 |     3 |       ||     5
  Throw: Dart              |     1 |     5 |    10 ||    16
         Boomerang         |       |     4 |       ||     4
         Large rock        |       |     1 |       ||     1
    Use: Scroll            |       |     5 |       ||     5
   Stab: Sleeping          |       |     1 |       ||     1
 Armour: Robe              |    53 |    66 |    20 ||   139
  Dodge: Dodged            |    36 |    36 |    13 ||    85
